 Dungeon Crawl Stone Soup version 0.30-a0-168-g0b976cbdc4 (webtiles) character file.

Game seed: 18248264192309070457

98 qw the Chopper (level 4, -1/28 HPs)
             Began as a Gargoyle Fighter on Sept 29, 2022.
             Killed from afar by Ijyb (12 damage)
             ... with a bolt of dispelling energy
             ... on level 3 of the Dungeon.
             The game lasted 00:00:35 (2048 turns).

qw the Chopper (Gargoyle Fighter)                   Turns: 2048, Time: 00:00:36

Health: -1/28      AC: 13    Str: 22    XL:     4   Next: 69%
Magic:  13/13      EV:  9    Int:  8    God:
Gold:   104        SH:  4    Dex: 13    Spells: 3/3 levels left

rFire   . . .      SeeInvis .    Y - +0 war axe
rCold   . . .      Faith    .    c - +0 buckler
rNeg    + . .      Spirit   .    b - +0 scale mail
rPois   inf        Reflect  .    e - +0 helmet
rElec   +          Harm     .    o - +0 cloak
rCorr   .          Rampage  .    n - +0 pair of gloves
Will    .....                    (no boots)
Stlth   ..........               t - amulet of Sepuic {Regen+ MP+9 Dex+4}
HPRegen 0.89/turn                (no ring)
MPRegen 0.13/turn                (no ring)

@: no status effects
A: sickness immunity, AC +3, negative energy resistance 1, electricity
resistance, torment resistance 1, petrification resistance
a: no special abilities


You were on level 3 of the Dungeon.
You visited 1 branch of the dungeon, and saw 3 of its levels.

You collected 104 gold pieces.


Innate Abilities, Weirdness & Mutations

You are immune to sickness and miasma.
Your stone body is resilient. (AC +3)
You are immune to poison.
You resist negative energy. (rN+)
You are resistant to electric shocks. (rElec)
You are resistant to unholy torment.
You are immune to petrification.


   Skills:
 - Level 3.2 Fighting
 - Level 4.3 Axes
 - Level 3.2 Armour
 + Level 0.0 Dodging
 - Level 3.2 Shields


You had 3 spell levels left.
You didn't know any spells.
Your spell library was empty.

Inventory:

Hand Weapons
 f - a +0 whip
 Y - a +0 war axe (weapon)
Missiles
 i - a boomerang (quivered)
Armour
 b - a +0 scale mail (worn)
 c - a +0 buckler (worn)
 e - a +0 helmet (worn)
 g - a +2 leather armour of cold resistance
 n - a +0 pair of gloves (worn)
 o - a +0 cloak (worn)
Jewellery
 t - the amulet of Sepuic (around neck) {Regen+ MP+9 Dex+4}
   (You found it on level 2 of the Dungeon)

   [amulet of regeneration]

   Dex:       It affects your dexterity (+4).
   MP:        It affects your magic capacity (+9).
   Regen:     It increases your rate of health regeneration.
Potions
 a - a potion of brilliance {unknown}
 d - 2 potions of might
 h - a potion of lignification
 k - a potion of heal wounds {unknown}
 l - a potion of invisibility {unknown}
 m - a potion of cancellation {unknown}
 p - a potion of curing {unknown}
 q - 2 potions of mutation {unknown}
 u - a potion of attraction {unknown}

Dungeon Overview and Level Annotations

Branches:
Dungeon (3/15)

Altars:

Annotations:
D:3 Ijyb


Message History

You closely miss something. Something hits you but does no damage.
Ijyb the Twisted Goblin comes into view.
She is wielding a +4 club and carrying a wand of quicksilver (11).
Found a barding.
Ijyb shouts!
Something hits you but does no damage.
You see here a ball python corpse.
You hear some strange, mumbled words.
A puff of flame appears from out of thin air!
The puff of flame hits you but does no damage.
You hit the goblin but do no damage. The goblin barely misses you.
A hobgoblin comes into view.
Something hits you but does no damage. The goblin barely misses you.
The hobgoblin shouts!
You hit Ijyb but do no damage. You hit the goblin but do no damage.
You slash something! Something hits you but does no damage.
You block the goblin's attack.
Ijyb zaps a wand.
The bolt of dispelling energy hits you!
You closely miss Ijyb. You miss something. You barely miss the goblin.
Something hits you but does no damage. The goblin closely misses you.
Ijyb zaps a wand.
The bolt of dispelling energy hits you!
A jackal comes into view.
You completely miss Ijyb. You closely miss something.
You barely miss the goblin.
The jackal barks!
You hear some strange, mumbled words.
Something tries to affect you, but you resist.
The goblin barely misses you. You block Ijyb's attack.
The goblin closely misses you. Ijyb barely misses you. Something hits you.
You closely miss Ijyb. You closely miss something. You hit the goblin.
A jackal comes into view.
Something hits you but does no damage. The goblin closely misses you.
Ijyb hits you but does no damage.
The jackal barks!
You slash the goblin!
You kill the goblin!
You barely miss Ijyb. You miss something.
Something hits you but does no damage.
Ijyb zaps a wand.
The bolt of dispelling energy hits you!
You die...

.......!.......# #...
....$...........#####.##
...................##.#
.[..............##.##.#
...[.....)......##....#
.........)).....####..#
.........)......# ##.#
.......{%.......###.#..#
......g@............#...
.......g.......%###.#...
........h.......# ...#
.................. ##.#
................#.
................>..
.......h........# #
................#


You could see Ijyb, 2 jackals and a hobgoblin.

Vanquished Creatures
  An orc priest (D:3)
  3 adders (D:2)
  2 dart slugs
  3 orcs (D:3)
  An endoplasm (D:2)
  3 giant cockroaches (D:1)
  3 hobgoblins (D:1)
  2 quokkas
  4 ball pythons
  A bat (D:1)
  2 frilled lizards (D:1)
  5 goblins
  7 kobolds
37 creatures vanquished.

Notes
Turn   | Place    | Note
-------+----------+-------------------------------------------
     0 | D:1      | qw the Gargoyle Fighter began the quest for the Orb.
     0 | D:1      | Reached XP level 1. HP: 14/14 MP: 1/1
     0 | D:1      | 0 ||| qw: Version: 0.2-a-12-gaebbb33
     0 | D:1      | 0 ||| qw: Game counter: 1102
     0 | D:1      | 0 ||| qw: Always use a shield: true
     0 | D:1      | 0 ||| qw: God list: Okawaru
     0 | D:1      | 0 ||| qw: Allow faded altars: false
     0 | D:1      | 0 ||| qw: Do Orc after D:15 true
     0 | D:1      | 0 ||| qw: Do second Lair branch before Depths: true
     0 | D:1      | 0 ||| qw: Lair rune preference: random
     0 | D:1      | 0 ||| qw: Plans: Normal, Zot:1-4, God:TSO, Crypt, Tomb,
                  | Pan, Slime:5, Hells, Abyss, Orb
     0 | D:1      | 0 ||| PLANNING D:1-11
    25 | D:1      | Reached skill level 2 in Axes
   325 | D:1      | Reached XP level 2. HP: 16/19 MP: 2/2
   737 | D:1      | Found a faded altar of an unknown god.
   761 | D:1      | Reached skill level 3 in Axes
  1083 | D:1      | 1083 ||| UPGRADING to +0 helmet.
  1088 | D:1      | 1088 ||| UPGRADING to +0 pair of gloves.
  1093 | D:1      | 1093 ||| READING scroll labelled LOAJOWN XYCWE.
  1094 | D:1      | 1094 ||| DRINKING 2 brown potions.
  1095 | D:1      | 1095 ||| DROPPING potion of flight.
  1148 | D:2      | 1148 ||| Stepping ~*~*~tactically~*~*~ (stealth).
  1155 | D:2      | Reached XP level 3. HP: 23/23 MP: 3/3
  1179 | D:2      | Identified the +3 leather armour "Vunillya" {Regen+ Slay-5
                  | SInv}
  1558 | D:2      | Identified the amulet of Sepuic {Regen+ MP+9 Dex+4}
  1601 | D:2      | Reached XP level 4. HP: 25/28 MP: 4/4
  1791 | D:2      | 1791 ||| DROPPING +3 leather armour "Vunillya" {Regen+
                  | Slay-5 SInv}.
  1792 | D:2      | 1792 ||| UPGRADING to +0 cloak.
  1797 | D:2      | 1797 ||| DROPPING amulet of faith.
  1798 | D:2      | 1798 ||| UPGRADING to amulet of regeneration.
  1803 | D:2      | 1803 ||| UPGRADING to amulet of Sepuic {Regen+ MP+9 Dex+4}.
  1883 | D:2      | 1883 ||| DROPPING amulet of regeneration.
  1884 | D:2      | 1884 ||| DROPPING ring of magical power.
  1885 | D:2      | 1885 ||| DRINKING 2 sapphire potions.
  2038 | D:3      | Reached skill level 4 in Axes
  2040 | D:3      | Noticed Ijyb
  2048 | D:3      | Killed from afar by Ijyb

Levels and vault maps discovered:
D:1:      spicycebolla_green_bress_n_ham, layout_basic,
          ebering_ecumenical_altar_hall, corexii_hall_statues_t
D:2:      cheibrodos_old_hovel, layout_loops_cross, corner_web_ring
D:3:      layout_basic, minmay_fractal_squares_5, uniq_ijyb

Skill      XL: |  1  2  3  4 |
---------------+-------------+-----
Axes           | 2 3 4 |  4.3
Fighting       | |  3.2
Armour         | |  3.2
Shields        | |  3.2

Action                   |  1- 3 |  4- 6 || total
-------------------------+-------+-------++-------
Melee: War axe           |    76 |    15 ||    91
Throw: Boomerang         |    28 |     3 ||    31
  Use: Potion            |     1 |     1 ||     2
       Scroll            |     1 |       ||     1
Armor: Scale mail        |    36 |    12 ||    48
Dodge: Dodged            |    38 |    10 ||    48
Block: Buckler           |    12 |     3 ||    15

Table legend:
 A = Non-vault XP
 B = Vault XP
 C = Vault XP percentage of total XP
 D = Non-vault monster count
 E = Vault monster count
 F = Vault count percentage of total count
                 A         B        C        D         E       F
            +---------+---------+-------+---------+---------+-------
      Total |     128 |      14 |   9.9 |      36 |       1 |   2.7
            +---------+---------+-------+---------+---------+-------
        D:1 |      32 |       0 |   0.0 |      21 |       0 |   0.0
        D:2 |      36 |      14 |  28.0 |       7 |       1 |  12.5
        D:3 |      60 |       0 |   0.0 |       8 |       0 |   0.0
            +---------+---------+-------+---------+---------+-------
